 Dungeon Crawl Stone Soup version 0.28-a0-1594-ga885d4b3d6 (webtiles) character file.

Game seed: 15141359938234837590

1386 Anon1729 the Carver (level 8, 0/55 (70) HPs)
             Began as a Minotaur Monk on Jan 20, 2022.
             Was a Priest of Makhleb.
             Slain by a wight (16 damage)
             ... on level 5 of the Dungeon.
             The game lasted 00:08:04 (6657 turns).

Anon1729 the Carver (Minotaur Monk)                 Turns: 6657, Time: 00:08:04

HP:   0/55 (70)     AC: 14    Str: 18    XL:     8   Next: 40%
MP:   10/10         EV:  8    Int:  9    God:    Makhleb [***...]
Gold: 42            SH:  0    Dex: 13    Spells: 7/7 levels left

rFire   . . .      SeeInvis .   x - +0 long sword
rCold   . . .      Faith    .   (no shield)
rNeg    . . .      Spirit   .   q - +0 chain mail
rPois   .          Reflect  .   (helmet restricted)
rElec   .          Harm     .   w - +0 cloak
rCorr   .          Rampage  .   o - +0 pair of gloves
Will    .....                   (no boots)
Stlth   ..........              y - amulet of magic regeneration
HPRegen 0.18/turn               d - ring of flight
MPRegen 0.52/turn               (no ring)

@: flying, heavily drained
A: horns 2, retaliatory headbutt, talons 1, iridescent scales 1, clever 1
a: Renounce Religion, Minor Destruction, Lesser Servant of Makhleb


You were on level 5 of the Dungeon.
You worshipped Makhleb.
Makhleb was most pleased with you.
You visited 1 branch of the dungeon, and saw 6 of its levels.

You collected 174 gold pieces.
You spent 132 gold pieces at shops.

Inventory:

Hand Weapons
 a - a +0 falchion
 x - a +0 long sword (weapon)
Armour
 b - a +0 robe
 m - a +1 leather armour of fire resistance
 o - a +0 pair of gloves (worn)
 q - a +0 chain mail (worn)
 w - a +0 cloak (worn)
Jewellery
 d - a ring of flight (left hand)
 y - an amulet of magic regeneration (around neck)
Scrolls
 e - 2 scrolls of noise {unknown}
 f - a scroll of summoning {unknown}
 g - 2 scrolls of immolation {unknown}
 h - 5 scrolls of identify {unknown}
 j - 3 scrolls of vulnerability {unknown}
 k - a scroll of magic mapping {unknown}
 n - a scroll of enchant armour {unknown}
 p - a scroll of enchant weapon {unknown}
 r - 2 scrolls of silence {unknown}
 s - 4 scrolls of teleportation {unknown}
 u - a scroll of amnesia {unknown}
 v - a scroll of holy word {unknown}
Potions
 c - a potion of degeneration
 i - a potion of mutation
 l - a potion of lignification {unknown}
 z - a potion of curing


   Skills:
 + Level 6.3 Fighting
 * Level 8.1 Long Blades
 + Level 4.7 Armour
 - Level 4.0 Dodging
 - Level 2.0 Stealth
 * Level 5.1 Invocations


You had 7 spell levels left.
You didn't know any spells.
Your spell library contained the following spells:

 Spells                   Type           Power      Damage    Failure   Level
 Corpse Rot               Necr/Air       0%         N/A       100%        2
 Confusing Touch          Hex            0%         N/A       100%        3
 Mephitic Cloud           Conj/Pois/Air  0%         N/A       100%        3
 Airstrike                Air            0%         N/A       100%        4
 Yara's Violent Unravell  Hex/Tmut       0%         3d3       100%        5
 Enfeeble                 Hex            0%         N/A       100%        7
 Storm Form               Tmut/Air       0%         N/A       100%        7


Dungeon Overview and Level Annotations

Branches:
Dungeon (6/15)
 Temple: D:4-7

Altars:
Hepliaklqana
Makhleb
Nemelex Xobeh

Shops:
D:2 *[   D:3 *


Innate Abilities, Weirdness & Mutations

You have a pair of horns on your head.
You reflexively headbutt those who attack you in melee.
You have sharp toenails.
You are partially covered in iridescent scales. (AC +2)
Your mind is acute. (Int +2)


Message History

The wight closely misses you.
You fly upwards.
There is a stone staircase leading down here.
You barely miss the wight. Your kick misses the wight.
The wight barely misses you.
You hit the wight.
The wight is lightly damaged.
The wight hits you with a +2 great sword!
You feel drained.
You hit the wight. Your headbutt misses the wight.
The wight is heavily damaged.
The wight hits you with a +2 great sword.
You feel drained.
You closely miss the wight. You punch the wight, but do no damage.
The wight is heavily damaged.
The wight hits you with a +2 great sword.
You barely miss the wight. You claw the wight. Your headbutt misses the wight.
You punch the wight, but do no damage.
The wight is heavily damaged.
The wight hits you but does no damage.
You barely miss the wight. Your headbutt misses the wight.
The wight is heavily damaged.
The wight barely misses you.
You barely miss the wight. You claw the wight, but do no damage.
The wight is heavily damaged.
The wight hits you with a +2 great sword!
You feel drained.
You barely miss the wight.
The wight is heavily damaged.
The wight barely misses you. You furiously retaliate!
You headbutt the wight. You hit the wight but do no damage.
The wight is severely damaged.
The wight hits you with a +2 great sword!
* * * LOW HITPOINT WARNING * * *
You feel drained.
* * * LOW HITPOINT WARNING * * *
You closely miss the wight. You claw the wight.
The wight is severely damaged.
The wight hits you with a +2 great sword!
You die...

############
#..........#
#..........#######
'..............z@#
#..........#######
#..........#
#..........#
#####'##'###
...##Z##.#
...##.##.#
...##.##.######
...##.........#


You could see a wight.

Vanquished Creatures
  Edmund (D:4)
  A black bear (D:4)
  3 necrophages
  An ogre (D:5)
  2 phantoms
  Blork the orc (D:5)
  A scorpion (D:5)
  2 jellies
  2 hounds
  A bullfrog zombie (D:6)
  4 centaur skeletons
  3 orc priests
  2 iguanas
  8 adders
  3 worms
  2 dart slugs (D:1)
  14 orcs
  4 bats
  5 endoplasms
  2 giant cockroaches
  3 goblins
  9 hobgoblins
  3 quokkas
  6 ball pythons
  3 kobolds
  4 rats
90 creatures vanquished.

Vanquished Creatures (others)
  An orc wizard (D:5)
1 creature vanquished.

Grand Total: 91 creatures vanquished

Notes
Turn   | Place    | Note
-------+----------+-------------------------------------------
     0 | D:1      | Anon1729 the Minotaur Monk began the quest for the Orb.
     0 | D:1      | Reached XP level 1. HP: 19/19 MP: 0/0
   268 | D:1      | Reached XP level 2. HP: 24/27 MP: 1/1
   646 | D:1      | Reached skill level 4 in Long Blades
  1082 | D:2      | Reached skill level 1 in Armour
  1093 | D:2      | Reached XP level 3. HP: 17/33 MP: 2/2
  1340 | D:2      | Got Sif Muna's Compendium of Lightness
  1484 | D:2      | Found Wemuwu's Assorted Antiques.
  2581 | D:2      | Reached XP level 4. HP: 38/39 MP: 3/3
  2583 | D:2      | Found a faded altar of an unknown god.
  2613 | D:2      | Prayed at the altar of an unknown god.
  2613 | D:2      | Became a worshipper of Makhleb the Destroyer
  2613 | D:2      | Reached * piety under Makhleb
  2613 | D:2      | Reached ** piety under Makhleb
  2671 | D:2      | Found Otesaj's Armour Shoppe.
  2879 | D:2      | Reached skill level 5 in Long Blades
  3071 | D:3      | Reached *** piety under Makhleb
  3072 | D:3      | Reached XP level 5. HP: 47/47 MP: 4/4
  3335 | D:3      | Found Cuetunak's Assorted Antiques.
  3578 | D:4      | Found a hazy altar of Hepliaklqana.
  3629 | D:4      | Reached skill level 1 in Invocations
  3730 | D:4      | Noticed a black bear
  3743 | D:4      | Killed a black bear
  3744 | D:4      | Reached XP level 6. HP: 44/55 MP: 4/6
  4208 | D:4      | Found a sparkling altar of Nemelex Xobeh.
  4584 | D:5      | Entered Level 5 of the Dungeon
  4585 | D:5      | Noticed Edmund
  4594 | D:4      | Reached skill level 5 in Fighting
  4708 | D:4      | Killed Edmund
  4709 | D:4      | Reached skill level 6 in Long Blades
  4896 | D:5      | Reached XP level 7. HP: 59/61 MP: 8/8
  5248 | D:5      | Gained mutation: Your mind is acute. (Int +2) [potion of
                  | mutation]
  5248 | D:5      | Gained mutation: You are partially covered in iridescent
                  | scales. (AC +2) [potion of mutation]
  5248 | D:5      | Gained mutation: You have sharp toenails. [potion of
                  | mutation]
  5333 | D:5      | Reached skill level 7 in Long Blades
  5674 | D:5      | Noticed Blork the orc
  5679 | D:5      | Killed Blork the orc
  6020 | D:3      | Bought a scroll labelled CAGEJU OPLYLA for 23 gold pieces
  6020 | D:3      | Bought 3 scrolls labelled EPHYIM GAYFUSU for 69 gold pieces
  6020 | D:3      | Bought a cyan potion for 20 gold pieces
  6020 | D:3      | Bought a lumpy orange potion for 20 gold pieces
  6125 | D:6      | Reached XP level 8. HP: 70/70 MP: 10/10
  6352 | D:6      | Reached skill level 8 in Long Blades
  6352 | D:6      | Reached skill level 5 in Invocations
  6657 | D:5      | Slain by a wight

Illustrated notes

Levels and vault maps discovered:
D:1:      eino_arrival_druids_welcome, layout_basic, serial_bayou_crossing
D:2:      layout_basic, serial_shops, nicolae_lakefront_shop, shop,
          chequers_ecumenical_altar_simple
D:3:      layout_rooms, serial_shops, nicolae_shop_behind_doors
D:4:      layout_basic, nemelex_dance_club_becter,
          nicolae_overflow_crystal_walls, serial_corexii_hall,
          corexii_hall_statues_l, corexii_hall_statues_l,
          corexii_hall_statues_l, corexii_hall_statues_x,
          corexii_hall_statues_t, corexii_hall_statues_l
D:5:      layout_basic, uniq_edmund, uniq_blork_the_orc
D:6:      layout_basic, lemuel_zombie_altar_kikubaaqudgha, chei_slow_surprise,
          uniq_maggie

Skill      XL: |  1  2  3  4  5  6  7  8 |
---------------+-------------------------+-----
Long Blades    | 4 5 6 7 8 |  8.1
Armour         | 1 2 3 4 |  4.7
Stealth        | 2 |  2.0
Fighting       | 4 5 6 |  6.3
Dodging        | 4 |  4.0
Invocations    | 2 3 4 5 |  5.1

Action                   |  1- 3 |  4- 6 |  7- 9 || total
-------------------------+-------+-------+-------++-------
Melee: Falchion          |    74 |    96 |       ||   170
       Headbutt          |     4 |    21 |    25 ||    50
       Punch             |     1 |     7 |     3 ||    11
       Long sword        |       |    16 |   144 ||   160
       Kick              |       |       |    27 ||    27
Invok: Minor Destruction |       |     2 |     1 ||     3
Evoke: Wand              |       |       |     2 ||     2
  Use: Potion            |       |       |     6 ||     6
 Stab: Sleeping          |     2 |       |       ||     2
Armor: Robe              |     9 |       |       ||     9
       Chain mail        |     7 |    61 |   129 ||   197
Dodge: Dodged            |    54 |    58 |    79 ||   191

Table legend: (Time is in decaauts)
 A = Elapsed time spent in this place.
 B = Non-inter-level travel time spent in this place.
 C = Inter-level travel time spent in this place.
 D = Time resting spent in this place.
 E = Time spent auto-exploring this place.
 F = Levels seen in this place.
 G = Mean time per level.
                   A        B        C        D        E       F      G
               +--------+--------+--------+--------+--------+-----+--------+
         Total |   6665 |   6355 |    310 |   1414 |   4064 |   6 | 1110.8 |
       Dungeon |   6665 |   6355 |    310 |   1414 |   4064 |   6 | 1110.8 |
               +--------+--------+--------+--------+--------+-----+--------+

Top non-repeatable levels by time:
     D:1: 1878 daAuts
     D:5: 1420 daAuts
     D:4: 1344 daAuts
     D:2: 1177 daAuts
     D:3: 510 daAuts
     D:6: 334 daAuts
